Map: Triton LE

Players

Patience

  • Race: Protoss Protoss
  • League: Master
  • Spawn Location: 5:00

DRG - Winner!

  • Race: Zerg Zerg
  • League: Master
  • Spawn Location: 11:00

VOD

Have the link to the VOD?

Description

Time

  • Played on: Jan. 8, 2020, 5:43 a.m.
  • Length: 11:52
Show
View Real Time Build Order
Export as new Build Order

Patience Protoss 

Build Orders: 1 Gate Expand, Oracle Opening, Phoenix Opening 

Get SALT Encoding   

  12  0:01  Probe  
  13  0:13  Probe  
  14  0:18  Pylon  
  14  0:25  Probe (Chrono Boost)  
  15  0:31  Assimilator  
  15  0:37  Probe (Chrono Boost)  
  16  0:43  Gateway  
  16  0:46  Probe (Chrono Boost)  
  17  0:52  Probe  
  18  1:04  Probe  
  19  1:17  Probe  
  20  1:32  Nexus  
  20  1:35  Probe, Cybernetics Core  
  21  1:42  Assimilator  
  21  1:47  Probe  
  21  1:52  Pylon  
  22  1:57  Pylon  
  22  2:00  Probe  
  23  2:12  Probe, Adept (Chrono Boost)  
  26  2:18  Stargate  
  26  2:25  Probe  
  26  2:26  Warp Gate  
  27  2:34  Adept  
  30  2:37  Probe  
  30  2:46  Probe (Chrono Boost)  
  32  2:55  Probe (Chrono Boost)  
  32  2:57  Probe (Chrono Boost)  
  33  2:59  Oracle (Chrono Boost)  
  33  3:02  Probe x2 (Chrono Boost)  
  38  3:07  Adept  
  38  3:12  Probe, Pylon  
  41  3:13  Probe  
  42  3:24  Probe  
  42  3:25  Probe  
  44  3:28  Phoenix (Chrono Boost)  
  46  3:36  Probe  
  46  3:37  Probe, Gateway  
  48  3:44  Gateway  
  48  3:47  Pylon  
  48  3:48  Probe, Oracle (Chrono Boost)  
  52  3:58  Pylon  
  52  4:07  Pylon  
  52  4:13  Nexus  
  52  4:16  Oracle (Chrono Boost)  
  52  4:17  Probe x2  
  57  4:30  Assimilator  
  57  4:32  Adept x2  
  57  4:34  Assimilator  
  61  4:39  Adept  
  61  4:41  Probe x2  
  61  4:44  Pylon  
  65  4:48  Pylon  
  65  4:52  Adept x2  
  69  5:00  Adept  
  69  5:02  Probe x2  
  73  5:10  Oracle (Chrono Boost)  
  76  5:14  Probe x2  
  71  5:36  Probe  
  71  5:37  Probe x2  
  71  5:39  Robotics Facility  
  66  5:50  Probe  
  66  5:51  Adept x3  
  66  5:53  Probe x2  
  66  5:54  Shield Battery  
  71  5:59  Forge, Twilight Council  
  71  6:03  Probe  
  70  6:05  Probe x2  
  72  6:12  Adept x3  
  72  6:16  Probe  
  72  6:17  Probe  
  79  6:27  Charge  
  79  6:31  Immortal (Chrono Boost)  
  79  6:32  Zealot x3  
  76  6:33  Protoss Ground Weapons Level 1 (Chrono Boost)  
  76  6:35  Probe  
  76  6:36  Probe  
  76  6:37  Probe  
  78  6:48  Probe x2  
  78  6:50  Probe  
  81  6:55  Sentry x2  
  81  6:58  Sentry  
  81  6:59  Warp Prism (Chrono Boost)  
  81  7:00  Probe x2  
  89  7:02  Probe  
  92  7:10  Pylon  
  92  7:12  Probe x2 (Chrono Boost)  
  95  7:17  Probe (Chrono Boost)  
  95  7:24  Probe x2 (Chrono Boost)  
  98  7:30  Probe x3 (Chrono Boost), Templar Archives  
  98  7:31  Gateway  
  98  7:33  Gateway  
  98  7:34  Gateway  
  98  7:36  Observer  
  101  7:38  Probe x3  
  101  7:41  Zealot  
  101  7:42  Zealot x2  
  110  7:50  Probe  
  107  7:56  Probe x2  
  107  8:00  Gateway  
  107  8:02  Probe, Gateway  
  106  8:07  Observer (Chrono Boost)  
  106  8:11  Adept  
  106  8:12  Adept  
  109  8:13  Probe  
  109  8:14  Probe  
  109  8:16  Assimilator  
  109  8:18  Assimilator, Blink  
  111  8:26  Immortal (Chrono Boost)  
  115  8:30  Protoss Ground Weapons Level 2 (Chrono Boost)  
  115  8:34  Pylon  
  115  8:36  Pylon  
  115  8:38  Pylon  
  115  8:45  Pylon  
  113  9:00  Phoenix (Chrono Boost)  
  113  9:02  Photon Cannon, Stargate  
  115  9:05  Photon Cannon  
  115  9:06  Photon Cannon  
  115  9:07  High Templar x2  
  115  9:09  Shield Battery  
  119  9:11  Zealot x2  
  119  9:12  Zealot x4  
  118  9:19  Archon  
  118  9:23  Phoenix (Chrono Boost)  
  118  9:27  Photon Cannon  
  112  9:40  Phoenix (Chrono Boost)  
  112  9:45  Stalker  
  112  9:46  Stalker x2  
  112  9:47  Stalker  
  112  9:52  Phoenix (Chrono Boost)  
  120  10:01  Phoenix (Chrono Boost)  
  120  10:04  Photon Cannon  
  122  10:08  Shield Battery  
  122  10:11  Shield Battery  
  122  10:20  Probe x2  
  121  10:21  Phoenix (Chrono Boost), Probe  
  121  10:24  Pylon  
  121  10:32  Probe x2  
  121  10:33  Phoenix (Chrono Boost)  
  125  10:42  Probe  
  126  10:44  Probe x2  
  126  10:48  Phoenix (Chrono Boost)  
  128  10:54  Probe  
  128  10:55  Phoenix (Chrono Boost)  
  128  10:56  Probe x2  
  133  11:10  Pylon  
  133  11:13  Pylon  
  133  11:15  Pylon  
  133  11:16  Pylon  
  133  11:20  Probe  
  133  11:22  Probe x2  
  111  11:28  Zealot x4  
  111  11:31  Zealot  
  92  11:34  Probe  
  79  11:45  Zealot  
  79  11:46  Zealot  
Show
View Real Time Build Order
Export as new Build Order

DRG Zerg - Winner!

Build Orders: Hatch First, Muta Ling Bane 

Get SALT Encoding   

  12  0:00  Drone  
  13  0:12  Overlord  
  13  0:16  Drone  
  14  0:30  Drone x2  
  16  0:47  Hatchery  
  15  0:52  Drone  
  15  0:55  Drone  
  17  0:57  Drone  
  18  1:10  Extractor  
  17  1:14  Spawning Pool  
  17  1:17  Drone  
  17  1:20  Drone  
  18  1:30  Drone  
  19  1:39  Drone  
  20  1:50  Drone  
  21  2:00  Queen x2  
  27  2:01  Zergling x4  
  27  2:10  Overlord  
  27  2:11  Drone  
  28  2:19  Metabolic Boost  
  28  2:29  Drone x2  
  30  2:41  Hatchery  
  30  2:43  Drone x3  
  32  2:48  Queen  
  34  2:53  Overlord  
  34  2:56  Drone  
  35  2:58  Drone  
  35  3:03  Overlord  
  36  3:12  Drone x2  
  38  3:13  Drone x2  
  38  3:18  Drone  
  41  3:24  Queen  
  43  3:31  Spore Crawler, Drone x2  
  43  3:32  Drone  
  45  3:37  Overlord  
  45  3:43  Drone x3  
  45  3:47  Overlord  
  48  3:49  Overlord  
  48  3:52  Spore Crawler  
  48  3:54  Overlord  
  47  3:56  Queen  
  47  4:00  Drone x2  
  51  4:03  Evolution Chamber  
  51  4:06  Overlord  
  50  4:10  Drone x2  
  50  4:11  Drone  
  50  4:15  Drone x2  
  55  4:19  Drone x3  
  55  4:20  Drone  
  55  4:23  Spore Crawler  
  57  4:28  Zergling x6  
  57  4:31  Zerg Melee Weapons Level 1  
  60  4:33  Drone  
  60  4:34  Drone  
  60  4:35  Drone  
  63  4:44  Drone x3  
  66  4:47  Roach Warren  
  66  4:48  Zergling x6, Extractor  
  66  4:49  Extractor  
  66  4:50  Zergling x2  
  67  4:54  Overlord  
  67  5:00  Drone x2  
  67  5:02  Overlord  
  68  5:08  Overlord  
  68  5:13  Lair  
  68  5:14  Drone x4  
  71  5:15  Zergling x10  
  71  5:17  Zergling x2  
  78  5:25  Zergling x4  
  78  5:28  Zergling x2  
  72  5:30  Queen x2  
  72  5:35  Zergling x6  
  75  5:37  Zergling x4  
  75  5:41  Zergling x10  
  76  5:45  Zergling x4  
  69  5:50  Drone  
  69  5:51  Drone x2  
  71  5:58  Extractor x2  
  71  6:00  Extractor  
  71  6:02  Drone x3  
  71  6:04  Drone x2  
  71  6:05  Drone, Queen  
  71  6:10  Drone  
  77  6:12  Drone  
  76  6:19  Drone, Queen  
  76  6:24  Drone x3  
  81  6:29  Spire  
  76  6:33  Drone x2  
  76  6:36  Drone  
  73  6:42  Glial Reconstitution, Zerg Melee Weapons Level 2  
  73  6:44  Drone x2  
  75  6:50  Zergling x2  
  78  7:01  Zergling x12  
  78  7:04  Overlord  
  78  7:06  Hatchery  
  78  7:08  Drone x2  
  83  7:10  Zergling x6  
  86  7:16  Overseer  
  86  7:17  Overlord  
  86  7:21  Roach x2  
  90  7:26  Roach  
  90  7:27  Roach x2  
  90  7:29  Roach x4  
  104  7:33  Roach x2  
  108  7:39  Roach  
  110  7:45  Ravager x2  
  110  7:46  Overlord  
  110  7:47  Zergling x8  
  114  7:53  Zergling x4  
  115  7:58  Zergling x12  
  115  8:01  Hatchery  
  115  8:03  Drone x2  
  119  8:08  Overlord  
  118  8:14  Overseer  
  118  8:16  Overlord x2  
  118  8:31  Mutalisk  
  118  8:32  Mutalisk x7  
  132  8:37  Mutalisk  
  132  8:38  Mutalisk x2  
  134  8:45  Mutalisk x3, Baneling Nest  
  138  8:52  Roach  
  138  8:53  Roach x3  
  146  8:57  Overlord  
  146  8:59  Zerg Missile Weapons Level 1  
  146  9:01  Overlord  
  146  9:02  Drone x3  
  149  9:03  Overseer  
  149  9:07  Overlord  
  149  9:08  Overlord x2  
  149  9:17  Mutalisk x4  
  156  9:24  Overlord  
  156  9:28  Mutalisk x3  
  156  9:30  Roach x2  
  159  9:33  Drone x5  
  164  9:41  Centrifical Hooks  
  164  9:45  Drone x5  
  168  9:50  Roach x3  
  175  10:03  Extractor  
  175  10:06  Spore Crawler  
  175  10:07  Zergling x24  
  175  10:11  Zergling x6  
  175  10:13  Overlord  
  188  10:25  Overlord  
  188  10:26  Infestation Pit  
  187  10:29  Zergling x2, Hatchery  
  187  10:30  Zergling x12  
  187  10:32  Baneling x6  
  191  10:41  Zergling x16  
  199  10:46  Overlord x2  
  199  10:51  Baneling x5  
  199  10:52  Baneling x8  
  199  11:06  Pneumatized Carapace  
  183  11:30  Zergling x20  
Tags
 
Add a new tag
Caveats
  • Supply blocks, unpowered buildings, or Contaminate may cause inaccurate times.
  • Supply counts are checked every 10 seconds.